 Dungeon Crawl Stone Soup version 0.18.1-48-g4cf74bf (webtiles) character file.

856 Inkary the Skirmisher (level 8, -1/73 HPs)
             Began as a Hill Orc Fighter on Aug 27, 2016.
             Slain by Prince Ribbit (13 damage)
             ... on level 5 of the Dungeon.
             The game lasted 00:06:29 (4489 turns).

Inkary the Skirmisher (Hill Orc Fighter)            Turns: 4489, Time: 00:06:30

Health: -1/73      AC: 12    Str: 19    XL:     8   Next: 2%
Magic:  8/8        EV:  6    Int:  8    God:
Gold:   220        SH:  0    Dex: 12    Spells: 0 memorised, 7 levels left

rFire  . . .     SeeInvis .     x - +0 battleaxe
rCold  . . .     Gourm    .     b - +0 scale mail
rNeg   . . .     Faith    .     (shield currently unavailable)
rPois  .         Spirit   .     r - +1 helmet
rElec  .         Dismiss  +     h - +0 cloak
rCorr  .         Reflect  .     o - +0 pair of gloves
SustAt .         Harm     .     (no boots)
MR     .....     Rnd*Tele +     J - amulet of dismissal
Stlth  ..........               F - ring of teleportation
                                p - -3 ring of evasion

@: about to teleport, not resistant to hostile enchantments, extremely
unstealthy
A: no striking features
a: no special abilities


You were on level 5 of the Dungeon.
You were not hungry.

You visited 1 branch of the dungeon, and saw 5 of its levels.

You collected 220 gold pieces.

Inventory:

Hand Weapons
 a - a +0 war axe
 x - a +0 battleaxe (weapon)
Armour
 b - a +0 scale mail (worn)
 c - a +0 shield
 h - a +0 cloak (worn)
 o - a +0 pair of gloves (worn)
 r - a +1 helmet (worn)
Jewellery
 p - a -3 ring of evasion (left hand)
 F - a ring of teleportation (right hand)
 J - an amulet of dismissal (around neck)
Wands
 E - a wand of digging (15/24)
Scrolls
 d - a scroll of amnesia {unknown}
 e - a scroll of recharging {unknown}
 g - 4 scrolls of remove curse
 i - a scroll of fog
 k - 2 scrolls of identify
 m - a scroll of fear {unknown}
 n - a scroll of enchant weapon {unknown}
 q - a scroll of magic mapping {unknown}
 s - a scroll of immolation {unknown}
 y - a scroll of blinking {unknown}
 B - a scroll of random uselessness {unknown}
Potions
 l - a potion of cure mutation {unknown}
 t - a potion of flight {unknown}
 u - 2 potions of curing
 v - a potion of brilliance
 w - a potion of invisibility {unknown}
 C - a potion of degeneration {unknown}
 D - 3 potions of agility {unknown}
 H - a potion of cancellation {unknown}
 I - 2 potions of heal wounds {unknown}
Books
 z - a book of Party Tricks

   Spells                             Type                      Level
   a - Summon Butterflies             Summoning                    1
   b - Apportation                    Translocation                1
   c - Tukima's Dance                 Hexes                        3
   d - Alistair's Intoxication        Transmutation/Poison         5
   e - Invisibility                   Hexes                        6
Comestibles
 f - 4 bread rations
 j - 2 beef jerkies


   Skills:
 + Level 7.0 Fighting
 + Level 6.4 Axes
 + Level 6.3 Armour
 - Level 4.3 Shields


You had 7 spell levels left.
You didn't know any spells.

Dungeon Overview and Level Annotations

Branches:
Dungeon (5/15)
 Temple: D:4-7

Altars:
Kikubaaqudgha
Pakellas
Qazlal
Trog
The Shining One

Annotations:
D:5 Prince Ribbit


Message History

You are too injured to fight recklessly!
You are too injured to fight recklessly!
You are too injured to fight recklessly!
You miss Prince Ribbit.
Prince Ribbit is moderately wounded.
Prince Ribbit hits you but does no damage.
Prince Ribbit hits you!
* * * LOW HITPOINT WARNING * * *
Drink which item? (? for menu, Esc to quit)
You feel better. Prince Ribbit closely misses you.
Read which item? (? for menu, Esc to quit)
As you read the scroll of fog, it crumbles to dust.
The scroll dissolves into smoke.
Prince Ribbit hits you but does no damage.
Prince Ribbit hits you.
* * * LOW HITPOINT WARNING * * *
Read which item? (? for menu, Esc to quit)
As you read the scroll of teleportation, it crumbles to dust.
You feel strangely unstable. Prince Ribbit hits you!
You die...

#...........
#.##.#######
#.##.# #.##.#
#.##.# #.##.#
#.##.######
#F§§......#
#§@§§.....#
#§§§...#.##
#....§...._..
#.#......#.#.
#+##.......#
#########
.##### ......
......


You could see Prince Ribbit.

Vanquished Creatures
  2 ogres
  Crazy Yiuf (D:4)
  2 hounds (D:5)
  4 orc wizards
  A giant frog skeleton (D:5)
  2 orc priests (D:3)
  Ijyb (D:2)
  An iguana (D:4)
  2 worker ants (D:4)
  Robin (D:2)
  7 gnolls (D:5)
  9 adders
  An ooze (D:3)
  An adder skeleton (D:5)
  2 worms
  A dart slug (D:2)
  3 giant geckos
  12 orcs
  8 bats
  6 giant cockroaches
  10 goblins
  16 hobgoblins
  6 jackals
  8 kobolds
  A quokka (D:4)
  7 giant newts
  11 rats
126 creatures vanquished.

Notes
Turn   | Place    | Note
--------------------------------------------------------------
     0 | D:1      | Inkary the Hill Orc Fighter began the quest for the Orb.
     0 | D:1      | Reached XP level 1. HP: 19/19 MP: 1/1
    55 | D:1      | Reached XP level 2. HP: 11/27 MP: 2/2
   506 | D:1      | Found a glowing golden altar of the Shining One.
   813 | D:2      | Reached skill level 4 in Fighting
   813 | D:2      | Reached XP level 3. HP: 10/33 MP: 3/3
  1130 | D:2      | Noticed Robin
  1178 | D:2      | Killed Robin
  1178 | D:2      | Reached XP level 4. HP: 11/41 MP: 4/4
  1282 | D:2      | Found a faded altar to an unknown god.
  1370 | D:2      | Noticed Ijyb
  1393 | D:2      | Killed Ijyb
  1724 | D:2      | Reached XP level 5. HP: 47/47 MP: 5/5
  2215 | D:3      | Reached skill level 5 in Fighting
  2902 | D:4      | Noticed Crazy Yiuf
  2907 | D:4      | Killed Crazy Yiuf
  2907 | D:4      | Reached XP level 6. HP: 51/56 MP: 6/6
  3345 | D:3      | Reached skill level 5 in Axes
  3345 | D:3      | Reached skill level 5 in Armour
  3576 | D:4      | Reached skill level 6 in Fighting
  3606 | D:4      | Reached XP level 7. HP: 46/63 MP: 7/7
  3794 | D:5      | Entered Level 5 of the Dungeon
  4303 | D:5      | Noticed Prince Ribbit
  4306 | D:5      | Found an oddly glowing altar of Pakellas.
  4310 | D:5      | Found an ancient bone altar of Kikubaaqudgha.
  4310 | D:5      | Found a bloodstained altar of Trog.
  4447 | D:5      | Reached skill level 7 in Fighting
  4447 | D:5      | Reached XP level 8. HP: 69/73 MP: 8/8
  4466 | D:5      | Found a stormy altar of Qazlal.
  4489 | D:5      | Slain by Prince Ribbit

Skill      XL: |  1  2  3  4  5  6  7 |
---------------+----------------------+-----
Axes           | 3 4 5 6 |  6.4
Fighting       | 4 5 6 7 |  7.0
Shields        | 4 |  4.3
Armour         | 4 5 6 |  6.3

Action                   |  1- 3 |  4- 6 |  7- 9 || total
-------------------------+-------+-------+-------++-------
Melee: War axe           |   134 |   125 |       ||   259
       Battleaxe         |       |   177 |    85 ||   262
  Use: Potion            |     1 |       |     1 ||     2
       Scroll            |       |       |     9 ||     9
  Eat: Chunk             |     1 |     9 |     3 ||    13
Armor: Scale mail        |    68 |   206 |    63 ||   337
Dodge: Dodged            |    52 |   146 |    37 ||   235
Block: Shield            |    77 |    56 |       ||   133
